AoeStats
← Ken

Oasis

509293062Analyzed
4v4 RM · 5d ago on Sep 26, 2026· 33m 39s· 8 players
Game mode
Random Map
Map size
Large (8 player)
Population
200
Speed
Normal
Resources
Standard
Victory
Conquest
Starting age
Dark Age
Ending age
Imperial Age
RankedLock teamsTeams togetherTeam positionsShared explorationLock speedFull tech treeHidden civsTurbo modeCheats
Victory
Defeat
🇦🇷 Mongols · Argentina
1079
+15
🇲🇽 Romans · Mexico
1011
+18
🇨🇴 Franks · Colombia
994
+18
🇲🇽 Khmer · Mexico
973
+19
🇨🇳 Franks · China
1063
-18
🇦🇷 Lithuanians · Argentina
1058
-18
🇨🇳 Turks · China
1051
-18
🇨🇳 Spanish · China
1021
-16
少打游戏多学习
9:34 Loom
11:39 Feudal Age
12:14 Loom
13:12 Horse Collar
15:35 Double-Bit Axe
18:36 Castle Age
19:01 Scale Barding Armor
19:27 Bow Saw
19:34 Heavy Plow
21:54 Forging
21:48 Padded Archer Armor
23:52 Wheelbarrow
23:02 Town Watch
24:53 Bloodlines
24:44 Husbandry
26:05 Husbandry
27:09 Town Watch
29:04 Chain Barding Armor
29:30 Fletching
30:17 Hand Cart
31:24 Gold Mining
32:08 Ballistics
32:00 Masonry
32:19 Murder Holes
33:36 Gold Shaft Mining
36:28 Imperial Age
Ken
4:01 Loom
11:18 Feudal Age
16:14 Castle Age
15:06 Double-Bit Axe
17:30 Bow Saw
18:25 Loom
21:17 Wheelbarrow
25:47 Husbandry
26:12 Gold Mining
27:54 Hand Cart
28:45 Scale Barding Armor
28:51 Forging
30:07 Fletching
33:25 Gold Shaft Mining
tikymax
10:20 Feudal Age
14:04 Castle Age
13:19 Loom
15:51 Double-Bit Axe
15:49 Horse Collar
21:56 Wheelbarrow
21:23 Town Watch
S个帅哥
14:07 Loom
15:53 Feudal Age
ThiranoMarck
2:06 Loom
10:15 Feudal Age
15:36 Castle Age
13:36 Horse Collar
13:52 Double-Bit Axe
28:46 Imperial Age
26:47 Ballistics
29:15 Wheelbarrow
28:33 Gold Mining
28:37 Fletching
29:11 Heavy Plow
29:38 Bodkin Arrow
30:49 Chemistry
31:24 Gold Shaft Mining
31:15 Heavy Scorpion
32:05 Double Crossbow
PGTKing50
10:53 Feudal Age
17:00 Castle Age
15:22 Double-Bit Axe
16:31 Horse Collar
19:51 Heavy Plow
20:59 Bow Saw
22:20 Wheelbarrow
25:19 Hand Cart
28:13 Gold Mining
33:10 Imperial Age
30:28 Loom
30:33 Town Watch
31:32 Gold Shaft Mining
30:49 Stone Mining
31:10 Scale Barding Armor
33:05 Town Patrol
33:39 Chain Barding Armor
33:32 Forging
Mr. S. Holmes
11:45 Feudal Age
16:31 Castle Age
14:22 Double-Bit Axe
17:23 Bow Saw
17:51 Stone Mining
21:05 Forging
21:01 Scale Barding Armor
22:44 Gold Mining
24:20 Gold Shaft Mining
25:56 Wheelbarrow
30:59 Hand Cart
30:43 Pikeman
31:08 Arson
35:47 Imperial Age
not.matiasz
2:01 Loom
9:46 Feudal Age
20:24 Castle Age
19:20 Scale Barding Armor
19:11 Fletching
20:27 Padded Archer Armor
21:08 Bloodlines
20:48 Double-Bit Axe
22:20 Bodkin Arrow
25:44 Husbandry
26:49 Thumb Ring
29:14 Leather Archer Armor
30:43 Ballistics
Connection lost

Rejoining the realm…

Still unreachable

The connection could not be restored.

Session expired

The server has moved on; the page needs a fresh start.